 Dungeon Crawl Stone Soup version 0.31.0-32-g396128a36d (webtiles) character file.

Game seed: 1361797731673452417

35 hawla the Firebug (level 3, -6/19 HPs)
             Began as a Deep Elf Fire Elementalist on Apr 15, 2024.
             Mangled by a gnoll
             ... wielding a +0 spear
              (9 damage)
             ... on level 2 of the Dungeon.
             The game lasted 00:02:06 (1273 turns).

hawla the Firebug (Deep Elf Fire Elementalist)      Turns: 1273, Time: 00:02:07

Health: -6/19      AC:  3    Str:  5    XL:     3   Next: 17%
Magic:  4/9        EV:  7    Int: 21    God:
Gold:   32         SH:  0    Dex: 21    Spells: 5/8 levels left

rFire   . . .        i - +2 dagger (venom)
rCold   . . .        (no shield)
rNeg    . . .        a - +0 robe
rPois   .            e - +0 helmet
rElec   .            (no cloak)
rCorr   +            (no gloves)
SInv    .            (no boots)
Will    .....        (no amulet)
Stlth   +++          g - +6 ring of dexterity
HPRegen 0.23/turn    j - ring of resist corrosion
MPRegen 0.11/turn

%: no passive effects
@: held
A: no striking features
a: no special abilities


You were on level 2 of the Dungeon.
You visited 1 branch of the dungeon, and saw 2 of its levels.

You collected 32 gold pieces.

Inventory:

Hand Weapons
 i - a +2 dagger of venom (weapon)
Armour
 a - a +0 robe (worn)
 e - a +0 helmet (worn)
Jewellery
 g - a +6 ring of dexterity (left hand)
 j - a ring of resist corrosion (right hand)
Potions
 b - a potion of magic
 c - a potion of mutation {unknown}
 d - a potion of attraction {unknown}
 h - a potion of cancellation {unknown}


   Skills:
 - Level 2.7 Dodging
 - Level 2.8 Stealth
 - Level 3.3 Spellcasting
 - Level 1.5 Conjurations
 + Level 4.1 Fire Magic


You had 5 spell levels left.
You knew the following spells:

 Your Spells              Type           Power      Damage    Failure   Level
a - Foxfire               Conj/Fire      60%        2x1d7     4%          1
b - Scorch                Fire           40%        2d6       3%          2

Your spell library contained the following spells:

 Spells                   Type           Power      Damage    Failure   Level
 Inner Flame              Hex/Fire       12%        N/A       17%         3
 Volatile Blastmotes      Fire/Tloc      24%        2d12      17%         3
 Fugue of the Fallen      Necr           3%         N/A       36%         3
 Ozocubu's Armour         Ice            3%         N/A       36%         3
 Flame Wave               Conj/Fire      15%        2d7       38%         4
 Manifold Assault         Tloc           3%         N/A       78%         4


Dungeon Overview and Level Annotations

Branches:
Dungeon (2/15)

Altars:


Message History

A gnoll comes into view. It is wielding a +0 spear.
Found 9 gold pieces.
A gnoll comes into view.
It is wielding a +0 spear and quivering a throwing net.
A gnoll comes into view. It is wielding a +0 spear.
The gnoll shouts! x2
The gnoll hits you from afar with a +0 spear.
The gnoll misses you.
You hit the gnoll.
The gnoll is poisoned.
The gnoll is heavily wounded.
Your butterfly disappears in a burst of colours!
The gnoll closely misses you.
The gnoll throws a throwing net.
The throwing net hits you.
You become entangled in the net!
You are held in a net!
Unknown command.
Casting: Scorch (safe; 3% risk of failure)
Confirm with . or Enter, or press ? or * to list all spells.
You don't know that spell.
Casting: Scorch (safe; 3% risk of failure)
Confirm with . or Enter, or press ? or * to list all spells.
Flames lash the gnoll.
The gnoll is moderately wounded.
The gnoll's fire resistance burns away.
Your butterfly disappears in a burst of colours!
The gnoll hits you but does no damage. x2
Casting: Scorch (safe; 3% risk of failure)
Confirm with . or Enter, or press ? or * to list all spells.
You conjure some foxfire!
The gnoll hits you with a +0 spear.
The gnoll hits you from afar with a +0 spear!
The gnoll hits you from afar with a +0 spear.
* * * LOW HITPOINT WARNING * * *
Casting: Foxfire (safe; 4% risk of failure)
Confirm with . or Enter, or press ? or * to list all spells.
Flames lash the gnoll.
The gnoll is burned terribly!
You kill the gnoll!
The foxfire hits the gnoll but does no damage.
The gnoll is heavily wounded.
The foxfire hits the gnoll.
The gnoll is moderately wounded.
The gnoll hits you with a +0 spear!
You die...

* ******** ######## * ,,,,,,,***
##......# * ,,,,,,,,,* #.......#
*** ,,,,,,,,,* #.......# *,,
,,,,,,,,,* #.......# *,,
,,,,,,,,,**#...$)g.# *,,
,,,,,,,,,,*#...g...# *,,
,,,,,,,,,,*#....@§.# *,,
,,,,,,,,,,*#.....§.# ****,,
,,,,,,,,,,*##......## *,,,,*
,,,,,,,,,,,,+.......###*****,****
*,8,8,8,,,,*#.......#..,,,,,,,,,,
,,,⌠,⌠,***,*#######.#.#*****,,,,,
,,8,∩,8* *,* #.#.#*****.##**
*,,⌠,⌠,* *,* #.#.#,,,.....,,
+,8,8,8* *,* #.#.#####...#.,


You could see 2 gnolls.

Vanquished Creatures
  A gnoll (D:2)
  A ball python (D:1)
  5 bats (D:1)
  4 endoplasms (D:1)
  A giant cockroach (D:1)
  6 goblins (D:1)
  A hobgoblin (D:1)
  2 quokkas (D:1)
  3 frilled lizards (D:1)
  5 kobolds (D:1)
  5 rats (D:1)
34 creatures vanquished.

Vanquished Creatures (others)
  92 foxfires
92 creatures vanquished.

Grand Total: 126 creatures vanquished

Notes
Turn   | Place    | Note
-------+----------+-------------------------------------------
     0 | D:1      | hawla the Deep Elf Fire Elementalist began the quest for
                  | the Orb.
     0 | D:1      | Reached XP level 1. HP: 10/10 MP: 6/6
   127 | D:1      | Reached XP level 2. HP: 15/15 MP: 4/8
   367 | D:1      | Learned a level 2 spell: Scorch
   657 | D:1      | Reached XP level 3. HP: 19/19 MP: 6/9
   714 | D:1      | Reached skill level 4 in Fire Magic
  1273 | D:2      | Mangled by a gnoll

Illustrated notes

Levels and vault maps discovered:
D:1:      lightli_molten_gateway, layout_basic, kennysheep_pointless_box
D:2:      layout_basic, serial_shops,
          nicolae_shop_temple_entry_statues_fountains, minmay_rat_hole,
          uniq_terence

Skill      XL: |  1  2  3 |
---------------+----------+-----
Fire Magic     | 4 |  4.1
Dodging        | |  2.7
Stealth        | |  2.8
Spellcasting   | |  3.3
Conjurations   | |  1.5

Action                     || total
---------------------------++-------
  Melee: Unarmed           ||     4
         Dagger            ||     1
   Cast: Foxfire           ||    55
         Scorch            ||     4
    Use: Scroll            ||     2
 Armour: Robe              ||    11
  Dodge: Dodged            ||     8
